 Dungeon Crawl Stone Soup version 0.28-a0-268-g3f656e82c2 (console) character file.

Game seed: 8999985805249246969

27026 FIQ the Eclecticist (level 13, -17/75 HPs)
             Began as a Djinni Fire Elementalist on Aug 28, 2021.
             Was a High Priest of Ru.
             Engulfed by a cloud of freezing vapour (31 damage)
             ... in a Gauntlet.
             The game lasted 00:34:34 (16208 turns).

FIQ the Eclecticist (Djinni Fire Elementalist)     Turns: 16208, Time: 00:34:35

Health: -17/75     AC: 10    Str:  7    XL:     13   Next: 62%
Gold:   782        EV: 12    Int: 24    God:    Ru [*****.] SH:  0 Dex: 20

rFire   + + .      SeeInvis .   o - staff of cold
rCold   . . .      Faith    .   (shield unavailable)
rNeg    . . .      Spirit   .   G - +4 troll leather armour
rPois   ∞          Reflect  .   v - +1 helmet of the Pleiades {Dex+4}
rElec   .          Harm     .   J - scarf {shadows}
rCorr   .          Rampage  .   (no gloves)
Will    +....      NoTele   +   (boots unavailable)
Stlth   ++........              (no amulet)
HPRegen 1.22/turn               (ring unavailable)
MPRegen 0.00/turn               F - +6 ring of intelligence

@: flying
A: sickness immunity, dopey 1, fire resistance 2, cold vulnerability 1, missing
a hand, inability to use devices, float, innate caster, hp casting, extra
vitality 1
a: Renounce Religion, Draw Out Power, Power Leap, Apocalypse


You were in a Gauntlet.
You worshipped Ru.
Ru was extremely pleased with you.
You visited 3 branches of the dungeon, and saw 14 of its levels.
You also visited: Gauntlet and Ice Cave.

You collected 782 gold pieces.

Inventory:

Hand Weapons
 f - a +1 dagger of freezing
 M - the +2 falchion of the Candelabrum {holy, rC+ rCorr}
   (You found it in an ice cave)

   It has been blessed by the Shining One to cause great damage to the undead
   and demons.
   rC:        It protects you from cold.
   rCorr:     It protects you from acid and corrosion.
Armour
 a - a +0 robe
 v - the +1 helmet of the Pleiades (worn) {Dex+4}
   (You found it on level 5 of the Dungeon)

   Dex:       It affects your dexterity (+4).
 w - a +0 cloak
 C - +0 fire dragon scales
 D - +0 steam dragon scales
 G - a +4 troll leather armour (worn)
 J - a scarf of shadows (worn)
 L - a +3 ring mail of fire resistance
Magical Staves
 o - a staff of cold (weapon)
 y - a staff of fire
Jewellery
 g - a ring of fire
 j - a ring of willpower
 m - a +6 ring of dexterity
 q - a +6 ring of dexterity
 E - an amulet of faith
 F - a +6 ring of intelligence (right hand)
 N - a +6 ring of strength
Scrolls
 c - 5 scrolls of immolation
 i - a scroll of blinking {unknown}
 k - 3 scrolls of fog
 l - 3 scrolls of vulnerability
 n - 3 scrolls of noise
 r - 2 scrolls of magic mapping
 s - 4 scrolls of teleportation
 u - a scroll of amnesia
 K - a scroll of fear
Potions
 b - a potion of brilliance
 d - 2 potions of heal wounds
 e - 2 potions of resistance
 h - 2 potions of haste
 p - a potion of invisibility
 t - 3 potions of might
 x - a potion of ambrosia {unknown}
 z - a potion of cancellation {unknown}
 A - 2 potions of berserk rage
 B - 5 potions of curing {unknown}
 H - 2 potions of lignification {unknown}
 I - a potion of degeneration {unknown}


   Skills:
 - Level 2.1 Dodging
 - Level 1.5 Stealth
 + Level 16.3 Spellcasting


You had 10 spell levels left.
You knew the following spells:

 Your Spells              Type           Power      Damage    Failure   Level
a - Foxfire               Conj/Fire      100%       2x1d9     0%          1
b - Conjure Flame         Conj/Fire      78%        6-21      0%          3
c - Inner Flame           Hex/Fire       78%        N/A       0%          3
d - Sticky Flame          Conj/Fire      78%        2d9       1%          4
e - Fireball              Conj/Fire      39%        3d16      1%          5
f - Pain                  Necr           100%       1d9       0%          1
g - Call Imp              Summ           78%        N/A       0%          2
h - Passwall              Tmut/Erth      65%        N/A       0%          2
i - Lesser Beckoning      Tloc           39%        N/A       0%          3
j - Yara's Violent Unrav  Hex/Tmut       39%        3d16      1%          5
k - Agony                 Necr           78%        N/A       1%          5
Your spell library was empty.

Dungeon Overview and Level Annotations

Branches:
Dungeon (8/15)             Temple (1/1) D:5            Lair (5/6) D:8
  Swamp (0/4) Lair:2        Snake (0/4) Lair:3        Slime (0/5) Lair:5
  IceCv (visited)         Gauntlet (1/1)

Altars:
Ashenzari
Cheibriados
Dithmenos
Elyvilon
Fedhas
Gozag
Hepliaklqana
Kikubaaqudgha
Makhleb
Nemelex Xobeh
Okawaru
Qazlal
Ru
Sif Muna
Trog
Vehumet
Wu Jian
Xom
Yredelemnul
Zin
The Shining One
Jiyva

Annotations:
Gauntlet 14 runed translucent doors, 9 transporters


Innate Abilities, Weirdness & Mutations

You are immune to sickness and miasma.
You are immune to poison.
You are dopey. (Int -2)
Your flesh is very heat resistant. (rF++)
You are vulnerable to cold. (rC-)
You are missing a hand.
You cannot study or use magical devices.
You float through the air rather than walking.
You learn spells naturally, not from books.
Your magical power is your life essence.
You have superior vitality. (+4 HP)


Message History

The fireball explodes!
The fireball engulfs the blizzard demon!
The blizzard demon is burned terribly!
The blizzard demon is severely wounded.
The white imp spits at you.
You redirect the white imp's attack!
The white imp barely misses itself.
The blizzard demon gestures at you. The freezing blast misses you.
Casting: Fireball (safe; 1% risk of failure)
Confirm with . or Enter, or press ? or * to list all spells.
Aiming: Fireball (safe; 1% risk of failure)
Press: ? - help, Shift-Dir - straight line, f/p - blizzard demon
Aim: a blizzard demon (freezing vapour, severely wounded)
Okay, then.
Casting: Fireball (safe; 1% risk of failure)
Confirm with . or Enter, or press ? or * to list all spells.
Aiming: Fireball (safe; 1% risk of failure)
Press: ? - help, Shift-Dir - straight line, f/p - blizzard demon
Aim: a blizzard demon (freezing vapour, severely wounded)
The fireball explodes!
The fireball engulfs the blizzard demon!!
The blizzard demon is burned terribly!
The blizzard demon is almost dead.
You hear a sizzling sound! x5
You are engulfed in freezing vapours.
* * * LOW HITPOINT WARNING * * *
The white imp is engulfed in freezing vapours.
The white imp is stunned by your conviction and fails to attack.
Casting: Fireball (safe; 1% risk of failure)
Confirm with . or Enter, or press ? or * to list all spells.
Aiming: Sticky Flame (safe; 1% risk of failure)
Press: ? - help, Shift-Dir - straight line, f/p - blizzard demon
Aim: a blizzard demon (almost dead, 100% to hit)
The sticky flame hits the blizzard demon!!
The blizzard demon is burned terribly!
You kill the blizzard demon!
* * * LOW HITPOINT WARNING * * *
You are engulfed in freezing vapours.
You die...

..©!...#...#....©....#..#
########...###########..###
.........≈....#.©.#.....#8#
........≈8≈...#...#.8...###
.........§....#.©.#.....#
########.§.###########..###
.#y#hhh#.§.#.........#..#8#
#..h#..#...#.#.....#^#..###
#...##.#...#.##...##.#..#
.#.#..##...#.^##.##..#..###
..©....#...#..○5@○○..#..#8#
.#.#..##...#.^#####^.#..###
######.#...#.##...##.#..#
#.h.#..#...#.#.....#.#..###
.[©.?..#...#..|?©"?..#..#8#
########...###########..###
........................#
........≈∩≈............≈#
#########################
#≈...............§##8#
#8.8.8..©.©..8.8.8####


You could see a white imp.

Vanquished Creatures
  A blizzard demon (Gauntlet)
  Fannar (Lair:3)
  7 hydras
  A death yak (Lair:4)
  A thrashing horror (Gauntlet)
  A lindwurm (Lair:4)
  An ugly thing (IceCv)
  A cyclops (D:8)
  An elephant (Lair:4)
  3 ice statues (IceCv)
  6 black mambas
  10 cane toads
  5 komodo dragons
  Maggie (D:7)
  An anaconda simulacrum (IceCv)
  An entropy weaver simulacrum (IceCv)
  A freezing wraith (IceCv)
  A polar bear (Lair:4)
  A troll (D:8)
  A queen bee (shapeshifter) (D:8)
  12 blink frogs
  7 wyverns
  3 spriggans (Lair:1)
  A dire elephant simulacrum (IceCv)
  8 yaks (Lair:2)
  5 basilisks
  A death yak simulacrum (IceCv)
  5 water moccasins
  An orc warrior (D:8)
  A necrophage (D:7)
  An ogre (D:7)
  A centaur (D:7)
  5 wolves (Lair:2)
  A kobold brigand (D:7)
  13 bullfrogs
  A wyvern zombie (D:7)
  A gnoll sergeant (D:8)
  A water moccasin skeleton (D:5)
  2 small abominations (Gauntlet)
  3 electric eels
  2 wights (D:6)
  3 elephant simulacra (IceCv)
  A howler monkey (D:8)
  2 orc priests
  8 hounds
  A jelly (D:4)
  A centaur skeleton (D:4)
  2 centaur zombies
  A gnoll shaman (D:8)
  11 hell rats
  3 iguanas
  6 orc wizards
  A polar bear simulacrum (IceCv)
  A scorpion zombie (D:5)
  A wolf simulacrum (IceCv)
  A killer bee zombie (D:7)
  9 gnolls (D:8)
  7 adders
  15 white imps
  An ufetubus (D:5)
  2 worms (D:4)
  7 dart slugs
  19 orcs
  6 ball pythons
  3 bats
  3 endoplasms
  3 giant cockroaches
  2 goblins (D:2)
  3 hobgoblins
  2 jackals (D:3)
  3 quokkas
  2 frilled lizards (D:1)
  9 kobolds
  3 rats
263 creatures vanquished.

Vanquished Creatures (others)
  A rime drake (Lair:5)
  650 foxfires
  20 fungi
  59 plants
730 creatures vanquished.

Grand Total: 993 creatures vanquished

Notes
Turn   | Place    | Note
-------+----------+-------------------------------------------
     0 | D:1      | FIQ the Djinni Fire Elementalist began the quest for the
                  | Orb.
     0 | D:1      | Reached XP level 1. HP: 15/15 MP: 0/0
   266 | D:1      | Reached XP level 2. HP: 15/21 MP: 0/0
   343 | D:1      | Found a faded altar of an unknown god.
   717 | D:1      | Reached skill level 3 in Spellcasting
  1367 | D:2      | Reached XP level 3. HP: 22/25 MP: 0/0
  1367 | D:2      | Learned a level 1 spell: Pain
  2175 | D:2      | Reached XP level 4. HP: 27/31 MP: 0/0
  3247 | D:3      | Found a hazy altar of Hepliaklqana.
  3247 | D:3      | Found a sparkling altar of Nemelex Xobeh.
  3768 | D:4      | Reached skill level 4 in Spellcasting
  3896 | D:4      | Reached XP level 5. HP: 28/35 MP: 0/0
  3896 | D:4      | Learned a level 2 spell: Call Imp
  4646 | D:4      | Reached skill level 5 in Spellcasting
  4646 | D:4      | Reached XP level 6. HP: 35/40 MP: 0/0
  5429 | D:5      | Entered Level 5 of the Dungeon
  5840 | D:5      | Reached XP level 7. HP: 32/45 MP: 0/0
  5840 | D:5      | Learned a level 2 spell: Passwall
  5954 | D:5      | Found a staircase to the Ecumenical Temple.
  6276 | D:5      | Reached skill level 6 in Spellcasting
  6571 | D:5      | Identified the +1 helmet of the Pleiades {Dex+4}
  6982 | Temple   | Entered the Ecumenical Temple
  7175 | Temple   | Became a worshipper of Ru the Awakened
  8616 | D:6      | Reached XP level 8. HP: 19/50 MP: 0/0
  8976 | D:7      | Reached skill level 7 in Spellcasting
  9289 | D:7      | Gained mutation: You cannot study or use magical devices.
                  | [Ru sacrifice]
  9289 | D:7      | Reached * piety under Ru
  9289 | D:7      | Reached ** piety under Ru
  9379 | D:7      | Noticed Maggie
  9385 | D:7      | Killed Maggie
  9386 | D:7      | Reached skill level 8 in Spellcasting
  9773 | D:7      | Reached XP level 9. HP: 51/55 MP: 0/0
  9773 | D:7      | Learned a level 3 spell: Lesser Beckoning
 10061 | D:8      | Noticed a troll
 10064 | D:8      | Killed a troll
 10065 | D:8      | Reached skill level 9 in Spellcasting
 10238 | D:8      | Noticed a queen bee
 10241 | D:8      | Killed a queen bee
 10323 | D:8      | Found a staircase to the Lair.
 10326 | D:8      | Noticed a cyclops
 10327 | D:8      | Reached skill level 10 in Spellcasting
 10779 | D:8      | Reached XP level 10. HP: 41/60 MP: 0/0
 11054 | D:8      | Killed a cyclops
 11386 | D:8      | Found an opulent altar of Gozag.
 11414 | D:8      | Found a broken altar of Ashenzari.
 11548 | Lair:1   | Entered Level 1 of the Lair of Beasts
 11564 | Lair:1   | Reached skill level 11 in Spellcasting
 11574 | Lair:1   | Noticed a seven-headed hydra
 11577 | Lair:1   | Killed a seven-headed hydra
 11586 | Lair:1   | Noticed a five-headed hydra
 11593 | Lair:1   | Killed a five-headed hydra
 11600 | Lair:1   | Noticed a cane toad
 11604 | Lair:1   | Killed a cane toad
 11605 | Lair:1   | Reached skill level 12 in Spellcasting
 11641 | Lair:1   | Reached XP level 11. HP: 59/65 MP: 0/0
 11641 | Lair:1   | Learned a level 5 spell: Yara's Violent Unravelling
 11731 | Lair:1   | Noticed a six-headed hydra
 11735 | Lair:1   | Killed a six-headed hydra
 11973 | Lair:1   | Reached skill level 13 in Spellcasting
 12140 | Lair:1   | Gained mutation: You are dopey. (Int -2) [Ru sacrifice]
 12140 | Lair:1   | Reached *** piety under Ru
 12585 | Lair:2   | Found a staircase to the Swamp.
 12665 | Lair:2   | Reached XP level 12. HP: 53/70 MP: 0/0
 12812 | Lair:2   | Noticed a six-headed hydra
 12815 | Lair:2   | Killed a six-headed hydra
 12816 | Lair:2   | Reached skill level 14 in Spellcasting
 13112 | Lair:3   | Found a frozen archway.
 13112 | Lair:3   | Identified the +1 ring mail of the Sacrificial Victim
                  | {Dex+3}
 13126 | IceCv    | Entered an ice cave
 13288 | IceCv    | Identified the +2 falchion of the Candelabrum {holy, rC+
                  | rCorr}
 13439 | Lair:3   | Found a staircase to the Snake Pit.
 13541 | Lair:3   | Noticed a seven-headed hydra
 13544 | Lair:3   | Killed a seven-headed hydra
 13610 | Lair:3   | Noticed Fannar
 13613 | Lair:3   | Killed Fannar
 13714 | Lair:3   | Reached skill level 15 in Spellcasting
 13714 | Lair:3   | Gained mutation: You are missing a hand. [Ru sacrifice]
 13714 | Lair:3   | Reached **** piety under Ru
 13714 | Lair:3   | Reached ***** piety under Ru
 14123 | Lair:4   | Noticed a six-headed hydra
 14125 | Lair:4   | Killed a six-headed hydra
 14356 | Lair:4   | Reached XP level 13. HP: 66/75 MP: 0/0
 14356 | Lair:4   | Learned a level 5 spell: Agony
 14438 | Lair:4   | Noticed a seven-headed hydra
 14443 | Lair:4   | Killed a seven-headed hydra
 14912 | Lair:4   | Reached skill level 16 in Spellcasting
 15536 | Lair:5   | Found a viscous altar of Jiyva.
 15537 | Lair:5   | Found a staircase to the Slime Pits.
 15902 | Lair:5   | Found a gate leading to a gauntlet.
 15910 | Gauntlet | Entered a Gauntlet
 15910 | Gauntlet | Found a large runed translucent door.
 15910 | Gauntlet | Found a large runed translucent door.
 15910 | Gauntlet | Found a large runed translucent door.
 15910 | Gauntlet | Found a large runed translucent door.
 15910 | Gauntlet | Found a runed translucent door.
 15910 | Gauntlet | Found a large runed translucent door.
 15910 | Gauntlet | Found a large runed translucent door.
 15910 | Gauntlet | Found a transporter.
 15910 | Gauntlet | Found a transporter.
 15910 | Gauntlet | Found a large runed translucent door.
 15910 | Gauntlet | Found a large runed translucent door.
 15910 | Gauntlet | Found a runed translucent gate.
 15910 | Gauntlet | Found a runed translucent gate.
 15910 | Gauntlet | Found a transporter.
 15911 | Gauntlet | Found a transporter.
 15914 | Gauntlet | Found a transporter.
 15915 | Gauntlet | Found a runed translucent gate.
 15915 | Gauntlet | Found a runed translucent door.
 15925 | Gauntlet | Noticed a blizzard demon
 15930 | Gauntlet | Found a transporter.
 15931 | Gauntlet | Found a transporter.
 15937 | Gauntlet | Found a transporter.
 15948 | Gauntlet | Found a transporter.
 15962 | Gauntlet | Found a transporter.
 15970 | Gauntlet | Found a transporter.
 15987 | Gauntlet | Found a transporter.
 16011 | Gauntlet | Found a large runed translucent door.
 16011 | Gauntlet | Found a large runed translucent door.
 16011 | Gauntlet | Found a large runed translucent door.
 16011 | Gauntlet | Found a large runed translucent door.
 16012 | Gauntlet | Found a large runed translucent door.
 16012 | Gauntlet | Found a large runed translucent door.
 16013 | Gauntlet | Found a large runed translucent door.
 16013 | Gauntlet | Found a large runed translucent door.
 16208 | Gauntlet | Killed a blizzard demon
 16208 | Gauntlet | Engulfed by a cloud of freezing vapour

Illustrated notes

Levels and vault maps discovered:
D:1:      eino_arrival_druids_welcome, layout_basic,
          ebering_ecumenical_altar_ruins
D:2:      layout_basic
D:3:      minmay_spotlight, layout_loops_corners,
          gammafunk_temple_overflow_statue
D:4:      layout_loops_corners, due_unseen_surprise
D:5:      layout_basic, minmay_temple_entry_wispy
D:6:      layout_rooms, serial_co_window_serial, co_window_corner_a,
          co_window_paths_b, co_window_paths_a, co_window_paths_b,
          co_window_paths_b, co_window_corner_a, co_window_cross_1,
          co_window_corner_a, co_window_cross_1, co_window_unsneaky_path_b,
          co_window_broadway_c, co_window_broadway_c, co_window_paths_c,
          co_window_broadway_b, glass_columns_c, glass_columns_c,
          glass_columns_a
D:7:      layout_cave_pools, minivault_19, uniq_maggie
D:8:      layout_rooms, mainiacjoe_overflow_two_lobes, erik_lair_island
Temple:   minmay_crystal_spiral_temple
Lair:1:   layout_cave_pods, st_stairs_6, wad_woods_02, grunt_megastairs_2
Lair:2:   layout_long_grid, swamp_mist, grunt_megastairs_1
Lair:3:   layout_gridlike, dummy_snake_entry, portal_ice_cave_entry_imps,
          uniq_fannar
Lair:4:   layout_long_grid, minmay_shattered_shrine, serial_bayou_shore_b
Lair:5:   cheibrodos_lair_river_kwai, layout_gridlike, slime_altar_1,
          gauntlet_entry_generic, st_stairs_11, lemuel_centaur_altar,
          grunt_megastairs_3, lemuel_fruit_tree
Gauntlet: gammafunk_gauntlet_shortcut
          [minmay_gauntlet_arena_make_your_own_arena,
          gammafunk_gauntlet_arena_split_x, nicolae_gauntlet_arena_blocks,
          nicolae_gauntlet_arena_flowing_pool, gammafunk_gauntlet_arena_spirals,
          gammafunk_gauntlet_arena_chambers, gauntlet_exit_spiral]

Skill      XL: |  1  2  3  4  5  6  7  8  9 10 11 12 13 |
---------------+----------------------------------------+-----
Spellcasting   | 3 4 5 6 8 10 12 13 15 16 | 16.3
Dodging        | |  2.1
Stealth        | |  1.5

Action                   |  1- 3 |  4- 6 |  7- 9 | 10-12 | 13-15 || total
-------------------------+-------+-------+-------+-------+-------++-------
Melee: Unarmed           |     1 |       |       |       |       ||     1
       Dagger            |       |     9 |    10 |       |       ||    19
       Staff             |       |       |     3 |       |     1 ||     4
 Cast: Foxfire           |    82 |   152 |   150 |    22 |       ||   406
       Inner Flame       |       |     1 |     2 |    33 |     3 ||    39
       Passwall          |       |       |     2 |     1 |       ||     3
       Fireball          |       |       |    18 |   113 |    52 ||   183
       Conjure Flame     |       |       |     1 |       |       ||     1
       Sticky Flame      |       |       |     3 |     2 |     9 ||    14
       Pain              |       |       |     1 |       |       ||     1
       Agony             |       |       |       |       |     1 ||     1
Invok: Sacrifice Artific |       |       |     1 |       |       ||     1
       Sacrifice Purity  |       |       |       |     1 |       ||     1
       Sacrifice a Hand  |       |       |       |     1 |       ||     1
  Use: Scroll            |       |     1 |     3 |    16 |     2 ||    22
Armor: Robe              |     3 |     6 |     9 |       |       ||    18
       Troll leather arm |       |       |       |     3 |     6 ||     9
Dodge: Dodged            |     2 |    25 |    26 |    10 |    22 ||    85

Table legend: (Time is in decaauts)
 A = Elapsed time spent in this place.
 B = Non-inter-level travel time spent in this place.
 C = Inter-level travel time spent in this place.
 D = Time resting spent in this place.
 E = Time spent auto-exploring this place.
 F = Levels seen in this place.
 G = Mean time per level.
                   A        B        C        D        E       F      G
               +--------+--------+--------+--------+--------+-----+--------+
         Total |  16209 |  15630 |    579 |    121 |  13355 |  16 | 1013.1 |
       Dungeon |  11338 |  10961 |    377 |    100 |   9824 |   8 | 1417.2 |
        Temple |    212 |    128 |     84 |      0 |    111 |   1 |  212.0 |
          Lair |   4127 |   4010 |    117 |     21 |   3131 |   5 |  825.4 |
      Ice Cave |    233 |    233 |      0 |      0 |    100 |   1 |  233.0 |
      Gauntlet |    297 |    297 |      0 |      0 |    189 |   1 |  297.0 |
               +--------+--------+--------+--------+--------+-----+--------+

Top non-repeatable levels by time:
     D:7: 1737 daAuts
     D:5: 1711 daAuts
     D:4: 1686 daAuts
     D:3: 1494 daAuts
     D:6: 1447 daAuts
  Lair:4: 1364 daAuts
     D:2: 1312 daAuts
     D:1: 1105 daAuts
  Lair:1: 848 daAuts
     D:8: 842 daAuts
  Lair:3: 795 daAuts
  Lair:2: 696 daAuts
  Lair:5: 422 daAuts
Gauntlet: 297 daAuts
   IceCv: 233 daAuts
